 Dungeon Crawl Stone Soup version 0.31.0-11-ge490571c62 (webtiles) character file.

Game seed: 14370990340925228582

46 Gadfly the Ruffian (level 3, -3/26 HPs)
             Began as a Demonspawn Shapeshifter on Jan 27, 2024.
             Hit by a stone thrown by a gnoll (5 damage)
             ... on level 2 of the Dungeon.
             The game lasted 00:01:30 (1275 turns).

Gadfly the Ruffian (Demonspawn Shapeshifter)        Turns: 1275, Time: 00:01:31

Health: -3/26      AC:  2    Str: 16    XL:     3   Next: 44%
Magic:  2/2        EV: 13    Int: 10    God:
Gold:   53         SH:  0    Dex: 18    Spells: 2/2 levels left

rFire   + . .        b - +2 dagger (flame)
rCold   . . .        (no shield)
rNeg    . . .        a - +0 animal skin
rPois   .            (helmet currently unavailable)
rElec   .            (cloak currently unavailable)
rCorr   .            (gloves currently unavailable)
SInv    .            (boots currently unavailable)
Will    .....        (no amulet)
Stlth   ++           k - ring of protection from fire
HPRegen 0.24/turn    l - +6 ring of dexterity
MPRegen 0.08/turn

%: no passive effects
@: beast-form
A: beast (slay +1), claws 1, low MP 1
a: Begin Untransformation


You were on level 2 of the Dungeon.
You were a hulking beast.
You visited 1 branch of the dungeon, and saw 2 of its levels.

You collected 53 gold pieces.

Inventory:

Hand Weapons
 b - a +2 dagger of flaming (weapon)
 i - a +0 dagger of draining
Armour
 a - a +0 animal skin (worn)
Jewellery
 k - a ring of protection from fire (left claw)
 l - a +6 ring of dexterity (right claw)
Talismans
 c - a beast talisman
 d - a flux talisman
Potions
 e - a potion of degeneration {unknown}
 f - a potion of attraction {unknown}
 g - a potion of lignification
 h - a potion of mutation
 j - a potion of ambrosia {unknown}


   Skills:
 + Level 1.4 Fighting
 * Level 2.4 Dodging
 + Level 2.9 Unarmed Combat
 * Level 1.3 Evocations
 + Level 2.9 Shapeshifting


You had 2 spell levels left.
You didn't know any spells.
Your spell library was empty.

Dungeon Overview and Level Annotations

Branches:
Dungeon (2/15)

Altars:


Innate Abilities, Weirdness & Mutations

You are a hulking beast.
Your limbs bulge with bestial killing power. (Slay +1)
You have sharp fingernails.
Your magical capacity is low. (-10% MP)


Message History

The gnoll hits you with a +0 club.
You hit the gnoll but do no damage. The gnoll hits you with a +0 club!
You hit the gnoll but do no damage. The gnoll misses you.
The gnoll shouts!
You hit the gnoll but do no damage. The gnoll hits you with a +0 club.
You are too injured to fight recklessly!
You are too injured to fight recklessly!
You are too injured to fight recklessly!
You are too injured to fight recklessly!
You are too injured to fight recklessly!
You are too injured to fight recklessly!
You are too injured to fight recklessly!
You are too injured to fight recklessly!
You are too injured to fight recklessly!
You are too injured to fight recklessly!
You are too injured to fight recklessly!
You are too injured to fight recklessly!
You are too injured to fight recklessly!
You are too injured to fight recklessly!
You are too injured to fight recklessly!
Unknown command.
You closely miss the rat. The gnoll hits you with a +0 club.
* * * LOW HITPOINT WARNING * * *
The gnoll closely misses you. The rat bites you but does no damage.
Unknown command.
You hit the rat. You burn the rat.
You kill the rat!
The gnoll barely misses you.
The gnoll hits you from afar with a +0 spear.
* * * LOW HITPOINT WARNING * * *
The gnoll closely misses you.
You see here a rat corpse.
The gnoll attacks as it pursues you! The gnoll barely misses you.
The gnoll attacks as it pursues you! The gnoll closely misses you.
The gnoll attacks as it pursues you!
The gnoll hits you from afar with a +0 spear.
* * * LOW HITPOINT WARNING * * *
The gnoll throws a stone.
The stone barely misses you.
The gnoll throws a stone.
The stone hits you.
You die...

#.##.####............#
#.##.# #.###...####.#
#.##.# #.###...####.#
#.##.####...g........#
#.##....†$g..g..####.###..#
#.##.#####.###g.##.)......#
#.# #.###..##...###..# #.#
#............. # #.#
#.###h........ #.#
#...<.........# #.#
..........##...###
#.########.###.......#
#.#... .....#..###..#
##.#.## ###.#.#..###..#
#.....#####.#.#........
#.........#......>...
#.....###............ #


You could see 2 gnolls.

Vanquished Creatures
  A gnoll (D:2)
  2 dart slugs (D:1)
  2 bats
  4 endoplasms (D:1)
  2 giant cockroaches (D:1)
  5 goblins (D:1)
  4 hobgoblins
  3 ball pythons (D:1)
  A frilled lizard (D:1)
  2 kobolds (D:2)
  3 rats
29 creatures vanquished.

Notes
Turn   | Place    | Note
-------+----------+-------------------------------------------
     0 | D:1      | Gadfly the Demonspawn Shapeshifter began the quest for the
                  | Orb.
     0 | D:1      | Reached XP level 1. HP: 15/15 MP: 1/1
    88 | D:1      | Gained mutation: You have sharp fingernails. [demonic
                  | ancestry]
    88 | D:1      | Reached XP level 2. HP: 12/21 MP: 2/2
   460 | D:1      | Reached skill level 1 in Evocations
   805 | D:1      | Reached XP level 3. HP: 24/26 MP: 3/3
   880 | D:1      | Gained mutation: Your magical capacity is low. (-10% MP)
                  | [potion of mutation]
  1107 | D:2      | Identified the +0 scale mail "Raxeaf" {Dex+6}
  1272 | D:2      | HP: 1/26 [gnoll/+0 spear (5)]
  1275 | D:2      | Hit by a stone thrown by a gnoll

Illustrated notes

Levels and vault maps discovered:
D:1:      kennysheep_arrival_seaside, layout_basic
D:2:      layout_loops_ring, hellmonk_ecumenical_altar_leap_of_faith,
          chequers_serial_rivers_room_b

Skill      XL: |  1  2 |
---------------+-------+-----
Dodging        | 2 |  2.4
Evocations     | 1 |  1.3
Fighting       | |  1.4
Unarmed Combat | |  2.9
Shapeshifting  | |  2.9

Action                     || total
---------------------------++-------
  Melee: Unarmed           ||    51
         Dagger            ||    25
    Use: Scroll            ||     1
         Potion            ||     1
   Stab: Sleeping          ||     3
 Armour: Animal skin       ||    36
  Dodge: Dodged            ||    59
